[Event "*** Titled Tuesday Blitz"]
[Site "Chess.com"]
[Date "2021.04.06"]
[Round "1"]
[White "LenkaPtacnikova"]
[Black "ozates"]
[Result "0-1"]
[WhiteElo "2185"]
[BlackElo "2529"]
[TimeControl "180+1"]
[EndTime "10:06:25 PDT"]
[Termination "ozates won by checkmate"]

1. Nf3 c5 2. g3 Nc6 3. Bg2 g6 4. O-O Bg7 5. e3 d5 6. d4 cxd4 7. exd4 Bg4 8. c3 e6 9. Qb3 Bxf3 10. Qxb7 Nxd4 11. cxd4 Bxg2 12. Qc6+ Kf8 13. Kxg2 Ne7 14. Qa4 Nf5 15. Rd1 Bf6 16. Nc3 Kg7 17. Bf4 h5 18. Be5 h4 19. g4 h3+ 20. Kh1 Nh4 21. f4 Bxe5 22. dxe5 Qb6 23. Qc2 Qe3 24. Rf1 Rac8 25.
Qf2 Qxf2 26. Rxf2 d4 27. Ne4 d3 28. Rd1 Rhd8 29. Nd6 Rc2 30. Rxc2 dxc2 31. Rc1 g5 32. Rxc2 gxf4 33. Rc3 f3 34. Kg1 Ng6 35. Rxf3 Nxe5 36. Re3 Nxg4 37. Rg3 f5 38. Nc4 Rd1# 0-1

[Event "*** Titled Tuesday Blitz"]
[Site "Chess.com"]
[Date "2021.04.06"]
[Round "1"]
[White "dropstoneDP"]
[Black "mbachez"]
[Result "1/2-1/2"]
[WhiteElo "2940"]
[BlackElo "2479"]
[TimeControl "180+1"]
[EndTime "10:06:26 PDT"]
[Termination "Game drawn by repetition"]

1. e4 e6 2. Qe2 d5 3. exd5 Qxd5 4. Nc3 Qd8 5. g3 Nc6 6. Nf3 Nf6 7. Bg2 Be7 8. O-O O-O 9. Rd1 e5 10. h3 Bf5 11. d3 Re8 12. g4 Bg6 13. Bg5 Nd4 14.
Nxd4 exd4 15. Bxf6 Bxf6 16. Ne4 Be5 17. Re1 c6 18. Qf3 Qc7 19. Re2 Re7 20. Rae1 Rae8 21. Kf1 h6 22. Ng3 Qa5 23. Nf5 Bxf5 24. Qxf5 g6 25.
Qf3 Qxa2 26. c3 Re6 27. h4 Kg7 28. g5 hxg5 29. hxg5 Qa5 30. Bh3 R6e7 31. cxd4 Bd6 32. Qf6+ Kg8 33. Qxd6 Rxe2 34. Rxe2 Qa1+ 35. Kg2 Rxe2 36.
Qd8+ Kg7 37. Qf6+ Kg8 38. Qd8+ Kg7 39. Qf6+ Kg8 40. Qd8+ 1/2-1/2

[Event "*** Titled Tuesday Blitz"]
[Site "Chess.com"]
[Date "2021.04.06"]
[Round "1"]
[White "swisspower96"]
[Black "campomania3"]
[Result "1-0"]
[WhiteElo "2550"]
[BlackElo "2231"]
[TimeControl "180+1"]
[EndTime "10:06:29 PDT"]
[Termination "swisspower96 won on time"]

1. d4 d5 2. c4 c6 3. cxd5 cxd5 4.
Bf4 Nf6 5. e3 Nc6 6. Nc3 g6 7.
h3 Bg7 8. Nf3 O-O 9. Bd3 a6 10.
O-O b5 11. Rc1 Bb7 12. a4 b4 13. Nb1 Rc8 14. Nbd2 Qb6 15. Nb3 Nd7 16. Nc5 Nxc5 17.
Rxc5 e6 18. Qd2 Na5 19. Rxc8 Rxc8 20. Rc1 Nc4 21. Qe2 Nd6 22. Rxc8+ Nxc8 23. Qc2 Nd6 24. a5 Qd8 25. Qc5 Bf8 26. Qxb4 Nb5 27. Qd2 Qc8 28.
h4 h5 29. Ne5 Bd6 30. Bxb5 axb5 31. Nxg6 fxg6 32. Bxd6 Qd8 33. Bg3 Qc8 34. Kh2 Kf7 35. Qb4 1-0

[Event "*** Titled Tuesday Blitz"]
[Site "Chess.com"]
[Date "2021.04.06"]
[Round "1"]
[White "mapleaff"]
[Black "anon102030"]
[Result "0-1"]
[WhiteElo "2387"]
[BlackElo "2711"]
[TimeControl "180+1"]
[EndTime "10:06:30 PDT"]
[Termination "anon102030 won by resignation"]

1. d4 Nf6 2. c4 e5 3. dxe5 Ng4 4.
Nf3 Nc6 5. Bf4 Bb4+ 6. Nbd2 Qe7 7. e3 Ngxe5 8. Nxe5 Nxe5 9. a3 Bxd2+ 10. Qxd2 d6 11.
Be2 b6 12. Bxe5 Qxe5 13. Bf3 Rb8 14. Bc6+ Ke7 15. O-O-O Be6 16. Bd5 b5 17. f4 Qf6 18.
Bxe6 Qxe6 19. cxb5 Rxb5 20. Qd4 Rhb8 21. Rd2 Qa2 22.
Rhd1 Qa1+ 23. Kc2 Rxb2+ 24. Kd3 Qxa3+ 25. Ke2 Kf8 26. h4 a5 27. h5 h6 28. g4 Rxd2+ 29.
Rxd2 Qb4 30. Qd3 Qb5 31. Rc2 c5 32. Rc4 Qc6 33. g5 Rb2+ 34. Kd1 Qh1+ 0-1

[Event "*** Titled Tuesday Blitz"]
[Site "Chess.com"]
[Date "2021.04.06"]
[Round "1"]
[White "Andreikka"]
[Black "jerry_77"]
[Result "1-0"]
[WhiteElo "2879"]
[BlackElo "2451"]
[TimeControl "180+1"]
[EndTime "10:06:34 PDT"]
[Termination "Andreikka won by resignation"]

1. d4 Nf6 2. Nc3 d5 3. Bf4 e6 4. e3 Bd6 5. Nf3 O-O 6. Bd3 c5 7. Ne5 c4 8. Be2 Qb6 9. Rb1 Nc6 10. Nxc4 dxc4 11. Bxd6 Rd8 12. Bc5 Qc7 13. O-O b6 14. Ba3 a6 15. b3 cxb3 16. axb3 Bb7 17. Bb2 Ne7 18. Bf3 e5 19. Bxb7 Qxb7 20. Ne2 Nf5 21. c4 Rac8 22. d5 b5 23. Bxe5 Ng4 24. Bf4 bxc4 25.
bxc4 Qe7 26. Qd3 g6 27. Nd4 Nxd4 28. exd4 Qf6 29. Bg3 Nh6 30. Be5 Qe7 31. d6 Qe6 32.
Rfe1 Nf5 33. c5 Qd5 34. Qxa6 Nh4 35. Qf1 Re8 36. f3 Nf5 37. Qf2 Re6 38. Rbc1 Rce8 39.
c6 f6 40. d7 fxe5 41. dxe8=Q+ Rxe8 42. Rxe5 Rxe5 43. dxe5 Ne7 44. c7 Qe6 45. Qc5 Kf7 46.
Qxe7+ 1-0

[Event "*** Titled Tuesday Blitz"]
[Site "Chess.com"]
[Date "2021.04.06"]
[Round "1"]
[White "Bodnar_Mykola"]
[Black "ChampStan"]
[Result "1-0"]
[WhiteElo "2490"]
[BlackElo "2017"]
[TimeControl "180+1"]
[EndTime "10:06:35 PDT"]
[Termination "Bodnar_Mykola won by resignation"]

1. d4 Nf6 2. c4 g6 3. Nc3 d5 4. e3 Bg7 5. h4 c6 6. h5 Nxh5 7. cxd5 cxd5 8. Rxh5 gxh5 9. Qxh5 e6 10. Nf3 Nc6 11.
Bd2 Bd7 12. Rc1 a6 13. Bd3 Rc8 14. Ng5 Qe7 15. f4 h6 16. Nxf7 Qxf7 17. Bg6 O-O 18. Bxf7+ Rxf7 19. g4 Nb4 20. Qg6 Rf6 21. Qb1 Nc6 22. Ke2 Rcf8 23. Be1 Be8 24. Bh4 Rg6 25. Rg1 b5 26. a3 Na5 27. b3 Bf7 28. f5 exf5 29.
gxf5 Rxg1 30. Qxg1 Kh7 31. f6 Bxf6 32. Bxf6 Bh5+ 33.
Kd3 Rxf6 34. Nxd5 Bg6+ 35. Ke2 Rc6 36. Nf4 Nxb3 37. Nxg6 Rxg6 38. Qb1 Na5 39. Qf5 Nc4 40. a4 Kg7 41. axb5 axb5 42. Qd7+ Kf6 43. Qxb5 1-0

[Event "*** Titled Tuesday Blitz"]
[Site "Chess.com"]
[Date "2021.04.06"]
[Round "1"]
[White "banane_verte"]
[Black "fastestmindalive"]
[Result "0-1"]
[WhiteElo "2428"]
[BlackElo "2806"]
[TimeControl "180+1"]
[EndTime "10:06:36 PDT"]
[Termination "fastestmindalive won by checkmate"]

1. e4 c5 2. Nc3 Nc6 3. g3 g6 4. Bg2 Bg7 5. d3 Rb8 6. Be3 d6 7. Qd2 b5 8. Nge2 b4 9. Nd1 h5 10. d4 cxd4 11. Nxd4 Bd7 12. Nxc6 Bxc6 13. Bd4 Nf6 14.
O-O Qc7 15. e5 dxe5 16. Bxc6+ Qxc6 17. Bxe5 Rb5 18. Bd4 h4 19. Ne3 hxg3 20. fxg3 Rbh5 21. Qxb4 Rxh2 22. Qb8+ Kd7 23. Qxa7+ Kc8 24. Qc5 Rh1+ 25. Kf2 Ne4+ 26. Ke2 Nxc5 27. Rxh1 Rxh1 28. Rxh1 Qxh1 29. Bxc5 Qh2+ 30. Kd3 Bxb2 31. Bxe7 Qxg3 32. Bc5 Bc1 33. a4 Bxe3 34. Bxe3 Qd6+ 35. Bd4 Qa3+ 36. c3 Qxa4 37. Ke4 Kd7 38. Ke5 Qc6 39. c4 Qe6+ 40. Kf4 Qf5+ 41. Ke3 Kc6 42. c5 Qe6+ 43. Kf4 Qd5 44. Be3 Qf5+ 45. Kg3 Kd5 46. Bf4 Ke4 47. Bb8 Qf3+ 48. Kh2 Kf5 49. c6 Kg4 50. c7 Qh3+ 51. Kg1 Kf3 52. c8=Q Qg2# 0-1

[Event "*** Titled Tuesday Blitz"]
[Site "Chess.com"]
[Date "2021.04.06"]
[Round "1"]
[White "onnoelgersma"]
[Black "youngKID"]
[Result "1-0"]
[WhiteElo "2423"]
[BlackElo "2729"]
[TimeControl "180+1"]
[EndTime "10:06:37 PDT"]
[Termination "onnoelgersma won on time"]

1. d4 Nf6 2. Nf3 e6 3. Bg5 c5 4. e3 Nc6 5. Nbd2 d5 6. c3 h6 7. Bh4 Bd6 8. Bd3 O-O 9. O-O e5 10. dxc5 Bxc5 11. e4 Be7 12. Bg3 Qc7 13. exd5 Nxd5 14.
Nc4 Bg4 15. h3 Bh5 16. Be4 Nb6 17. Ne3 Rfd8 18. Qb3 Kh8 19. Bh2 Bg6 20. Bxg6 fxg6 21. Ng4 1-0

[Event "*** Titled Tuesday Blitz"]
[Site "Chess.com"]
[Date "2021.04.06"]
[Round "1"]
[White "JoliyRoger"]
[Black "Leonid_Starozhilov"]
[Result "0-1"]
[WhiteElo "2401"]
[BlackElo "2728"]
[TimeControl "180+1"]
[EndTime "10:06:37 PDT"]
[Termination "Leonid_Starozhilov won by resignation"]

1. Nf3 d5 2. c4 e6 3. cxd5 exd5 4.
d4 c6 5. Nc3 Bd6 6. Bg5 Qb6 7.
Qc1 Bf5 8. e3 Nd7 9. Nh4 Bg6 10.
Nxg6 hxg6 11. h3 Ngf6 12. Bd3 a5 13. Qc2 Rh5 14. Bxf6 Nxf6 15. O-O-O Rh8 16. Kb1 Bb4 17. Ne2 a4 18. Nf4 a3 19. b3 Bd6 20. Ne2 Bb4 21. g4 O-O-O 22. g5 Ne8 23. h4 Nd6 24. Ng3 Kb8 25. h5 gxh5 26. Nxh5 c5 27. dxc5 Bxc5 28. Nxg7 Rxh1 29. Rxh1 Rc8 30. Qe2 Nc4 31. Nf5 Na5 32.
Bc2 Bb4 33. Rc1 Nc4 34. Bd3 Nd2+ 35. Qxd2 Bxd2 36. Rd1 Qc5 0-1

[Event "*** Titled Tuesday Blitz"]
[Site "Chess.com"]
[Date "2021.04.06"]
[Round "1"]
[White "Firouzja2003"]
[Black "atwalcb"]
[Result "1-0"]
[WhiteElo "3132"]
[BlackElo "2477"]
[TimeControl "180+1"]
[EndTime "10:06:38 PDT"]
[Termination "Firouzja2003 won by resignation"]

1. d4 Nf6 2. Bg5 d5 3. Bxf6 gxf6 4. e3 c5 5. dxc5 Nc6 6. Nf3 e5 7. Nc3 Be6 8. Na4 Bxc5 9. Nxc5 Qa5+ 10. c3 Qxc5 11.
Be2 Rg8 12. O-O Qe7 13. Qa4 O-O-O 14. Rfd1 Bh3 15. Ne1 Qd7 16. Qh4 Bf5 17. Qxf6 Rg6 18. Qh4 Rdg8 19. Rd2 Qe6 20. Rad1 Rh6 21. Qa4 Be4 22.
Bd3 Qh3 23. Bxe4 Qxh2+ 24. Kf1 dxe4 25. Qxe4 Qh1+ 26. Ke2 Qh5+ 27. Qf3 Qg5 28. Rd6 Rxd6 29. Rxd6 Kc7 30. Rf6 Nd8 31. Nd3 e4 32. Qf4+ Qxf4 33. Nxf4 Kd7 34. Rh6 Rg7 35. g3 Nc6 36. Nh5 Rg8 37.
Nf6+ 1-0

[Event "*** Titled Tuesday Blitz"]
[Site "Chess.com"]
[Date "2021.04.06"]
[Round "1"]
[White "TimofeevAr"]
[Black "Nicolas_Chess10"]
[Result "1-0"]
[WhiteElo "2859"]
[BlackElo "2443"]
[TimeControl "180+1"]
[EndTime "10:06:38 PDT"]
[Termination "TimofeevAr won by resignation"]

1. c4 e5 2. e3 Nc6 3. Nc3 Be7 4. d4 d6 5. Nf3 Nf6 6. d5 Nb8 7. e4 O-O 8. Be2 Ne8 9. Be3 f5 10. exf5 Bxf5 11. O-O Nd7 12. b4 Bf6 13. Nd2 g5 14. Nde4 h6 15. Bg4 Ng7 16. c5 Qe7 17. h3 a6 18. Re1 Rae8 19. Rc1 Rc8 20. a3 Kh7 21. c6 bxc6 22. dxc6 Nb6 23. Bxb6 cxb6 24. Nd5 Qe6 25.
Ndxf6+ Rxf6 26. Nxf6+ Qxf6 27. Qf3 Kg6 28. Red1 Ne8 29.
a4 Bxg4 30. Qxg4 Qf5 31. b5 Qxg4 32. hxg4 a5 33. f3 Kf6 34. Kf2 Ke6 35. Rh1 Nf6 36. Rxh6 d5 37. Ke3 d4+ 38. Kd3 e4+ 39. Kxd4 Rd8+ 40.
Kc4 Ke5 41. Rxf6 Rd4+ 42. Kc3 Rd3+ 43. Kb2 Rd2+ 44. Rc2 e3 45. Rf8 e2 46. Re8+ Kd4 47. Rxd2+ 1-0

[Event "*** Titled Tuesday Blitz"]
[Site "Chess.com"]
[Date "2021.04.06"]
[Round "1"]
[White "MarcoRiehle"]
[Black "dpopadic"]
[Result "1-0"]
[WhiteElo "2673"]
[BlackElo "2363"]
[TimeControl "180+1"]
[EndTime "10:06:38 PDT"]
[Termination "MarcoRiehle won on time"]

1. e4 c5 2. a3 Nc6 3. b4 cxb4 4. axb4 Nxb4 5. d4 d6 6. c3 Na6 7. f4 e6 8. Nf3 Nf6 9. Bd3 Be7 10. O-O O-O 11. Nbd2 Bd7 12. Qe1 Ne8 13. Qg3 Kh8 14. e5 g6 15. Ne4 d5 16. Neg5 Kg7 17.
h4 f5 18. exf6+ Nxf6 19. Nxh7 Be8 20. Nhg5 Nc7 21. Ne5 Nh5 22. Qg4 Bxg5 23. hxg5 Rh8 24. Bxg6 Bxg6 25. Nxg6 Kxg6 26. f5+ Kg7 27. fxe6 Nxe6 28.
Qxe6 Qe8 29. Qxd5 Qe7 30. Ba3 Qe3+ 31. Rf2 1-0

[Event "*** Titled Tuesday Blitz"]
[Site "Chess.com"]
[Date "2021.04.06"]
[Round "1"]
[White "FMalexhdez"]
[Black "PLAYER_2006_M"]
[Result "0-1"]
[WhiteElo "2184"]
[BlackElo "2526"]
[TimeControl "180+1"]
[EndTime "10:06:38 PDT"]
[Termination "PLAYER_2006_M won on time"]

1. e4 e6 2. d4 d5 3. Nd2 c5 4. Ngf3 cxd4 5. exd5 Qxd5 6. Bc4 Qd7 7. O-O Nc6 8. Nb3 Nf6 9. Nbxd4 Nxd4 10. Nxd4 a6 11. c3 b5 12. Bb3 Bb7 13. Re1 Be7 14. a4 O-O 15. axb5 axb5 16. Bg5 Rxa1 17. Qxa1 Ra8 18.
Qd1 h6 19. Bh4 Rd8 20. Qe2 g5 21. Bg3 b4 22. Nxe6 Qc6 23. f4 fxe6 24. Bxe6+ Kg7 25. fxg5 Bc5+ 26. Kh1 hxg5 27. cxb4 Bxb4 28. Rf1 Rd2 0-1

[Event "*** Titled Tuesday Blitz"]
[Site "Chess.com"]
[Date "2021.04.06"]
[Round "1"]
[White "JiiHart"]
[Black "BigAl"]
[Result "0-1"]
[WhiteElo "2055"]
[BlackElo "2496"]
[TimeControl "180+1"]
[EndTime "10:06:38 PDT"]
[Termination "BigAl won by resignation"]

1. e4 c6 2. d4 d5 3. Nc3 dxe4 4.
Nxe4 Nf6 5. Nxf6+ exf6 6. Bf4 Be6 7. c3 Bd6 8. Qf3 O-O 9. Bd3 Bxf4 10. Qxf4 Qb6 11.
b4 a5 12. bxa5 Rxa5 13. Ne2 Rxa2 14. Rxa2 Bxa2 15. O-O Be6 16. h4 Nd7 17. h5 Qa5 18. h6 g6 19. Ng3 Qxc3 20. Be2 Re8 21. Rd1 Bd5 22. Bf3 Bxf3 23. gxf3 Re1+ 24. Rxe1 Qxe1+ 25. Kg2 Qe7 26. Ne4 f5 27. Ng3 Nf8 28. Nh5 gxh5 29. Qg3+ Ng6 30. Qb8+ Qf8 0-1

[Event "*** Titled Tuesday Blitz"]
[Site "Chess.com"]
[Date "2021.04.06"]
[Round "1"]
[White "sergivila"]
[Black "tjychess"]
[Result "0-1"]
[WhiteElo "2328"]
[BlackElo "2625"]
[TimeControl "180+1"]
[EndTime "10:06:39 PDT"]
[Termination "tjychess won by resignation"]

1. e4 e5 2. Nf3 Nc6 3. d4 exd4 4. Nxd4 Nf6 5. Nxc6 bxc6 6. e5 Qe7 7. Qe2 Nd5 8. h4 a5 9. g3 Ba6 10. c4 f6 11.
exf6 Nxf6 12. Nc3 O-O-O 13. Be3 Ne4 14. Qc2 Nxg3 15. Bg2 Nxh1 16. Bxh1 Qxh4 17. O-O-O Qxc4 18. Qf5 Bb4 19. Rd4 Qe6 20. Qc2 d5 21. a3 Bc5 22.
Ne2 Bb6 23. Nf4 Qh6 24. Rd1 Bxe3+ 25. fxe3 Rhe8 26. Qc5 Bb7 27. Qxa5 Rxe3 28. Kb1 Qxf4 0-1

[Event "*** Titled Tuesday Blitz"]
[Site "Chess.com"]
[Date "2021.04.06"]
[Round "1"]
[White "krasavetc"]
[Black "Artem_Sadovsky"]
[Result "0-1"]
[WhiteElo "2325"]
[BlackElo "2618"]
[TimeControl "180+1"]
[EndTime "10:06:39 PDT"]
[Termination "Artem_Sadovsky won by resignation"]

1. e4 g6 2. Nf3 Bg7 3. d4 c6 4. c4 d5 5. cxd5 cxd5 6. e5 Nc6 7. Nc3 Bg4 8. Be2 e6 9. O-O Nge7 10. Nb5 Nf5 11.
Bg5 Qb6 12. a4 O-O 13. a5 Nxa5 14. Rxa5 Qxa5 15. Nd6 Nxd6 16. exd6 Bxf3 17. Bxf3 Qb6 18. Be7 Rfe8 19. Qa4 Bxd4 20. h4 Bc5 21. Qf4 Rxe7 22.
dxe7 Bxe7 23. h5 Qxb2 24. Qc7 Bf8 25. g3 a5 26. Rc1 a4 27. Kg2 a3 28. Rc2 Qxc2 29. Qxc2 a2 30. hxg6 hxg6 31. Bg4 a1=Q 32. Bxe6 fxe6 33. Qxg6+ Qg7 34. Qxe6+ Qf7 35. Qg4+ Bg7 36.
Qb4 Rf8 0-1

[Event "*** Titled Tuesday Blitz"]
[Site "Chess.com"]
[Date "2021.04.06"]
[Round "1"]
[White "FoggyMorning"]
[Black "FeketeBarika"]
[Result "1-0"]
[WhiteElo "2594"]
[BlackElo "2284"]
[TimeControl "180+1"]
[EndTime "10:06:39 PDT"]
[Termination "FoggyMorning won by resignation"]

1. e4 e6 2. d4 d5 3. Bd3 dxe4 4.
Bxe4 Nf6 5. Bf3 Nbd7 6. Ne2 c5 7. Be3 cxd4 8. Nxd4 Ne5 9. Nc3 Bb4 10. Nb5 Nxf3+ 11.
Qxf3 Bxc3+ 12. Nxc3 Qc7 13. O-O-O O-O 14. Bd4 e5 15.
Qg3 Re8 16. Rhe1 Nd7 17. Nd5 Qd6 18. Bc3 f6 19. f4 Rb8 20. fxe5 Nxe5 21. Nxf6+ Qxf6 22. Bxe5 Rxe5 23. Qxe5 Qxe5 24. Rd8+ Kf7 25. Rxe5 b6 26. Ree8 Rb7 27. Rxc8 1-0

[Event "*** Titled Tuesday Blitz"]
[Site "Chess.com"]
[Date "2021.04.06"]
[Round "1"]
[White "Darius321"]
[Black "Deepweb2020"]
[Result "1-0"]
[WhiteElo "2264"]
[BlackElo "2548"]
[TimeControl "180+1"]
[EndTime "10:06:39 PDT"]
[Termination "Darius321 won by resignation"]

1. e4 e5 2. Nf3 Nc6 3. Bc4 Bc5 4.
d3 Nf6 5. Nbd2 a6 6. c3 Ba7 7. Nf1 d5 8. exd5 Nxd5 9. Ne3 Nf4 10. O-O b5 11. Bb3 Qxd3 12. Qxd3 Nxd3 13. Nd5 O-O 14.
Nxc7 Rb8 15. Be3 Bxe3 16. fxe3 Nxb2 17. Ng5 Nd8 18. Nd5 Nc4 19. Ne7+ Kh8 20. Nxc8 Rxc8 21. Rf3 f6 22. Rd1 Nc6 23. Bxc4 bxc4 24. Ne6 Rfe8 25. Rd6 Kg8 26. Rg3 g6 27. Rh3 h5 28.
Rf3 Kf7 29. Ng5+ Kg7 30. Rfxf6 Ne7 31. Rf7+ Kh6 32. h4 Rh8 33. Rxe7 e4 34. Rdd7 1-0

[Event "*** Titled Tuesday Blitz"]
[Site "Chess.com"]
[Date "2021.04.06"]
[Round "1"]
[White "scandalgod"]
[Black "aljado"]
[Result "1-0"]
[WhiteElo "2508"]
[BlackElo "2113"]
[TimeControl "180+1"]
[EndTime "10:06:41 PDT"]
[Termination "scandalgod won by resignation"]

1. d4 Nf6 2. c4 g6 3. Nc3 d5 4. Bg5 Bg7 5. Nf3 Ne4 6. Bh4 Nxc3 7. bxc3 O-O 8. e3 c5 9. Be2 dxc4 10. O-O Nc6 11.
Bxc4 Bg4 12. h3 Bxf3 13. Qxf3 Qa5 14. Rfc1 Rac8 15. Rab1 b6 16. Bd5 Qa4 17. Bxc6 Rxc6 18. Bxe7 Re8 19. Bh4 cxd4 20. cxd4 Rxc1+ 21. Rxc1 Qxa2 22. Rc7 a5 23. g3 a4 24. d5 Rf8 25. Be7 Re8 26. d6 Qe6 27. d7 Qxe7 28. dxe8=Q+ Qxe8 29. Ra7 Qe6 30. Rxa4 b5 31. Ra8+ Bf8 32. Qb7 Qc4 33. Rc8 Qd3 34. Qb8 Qd1+ 35. Kh2 Qf3 36. Rxf8+ Kg7 37. Rg8+ Kh6 38. Qf4+ 1-0

[Event "*** Titled Tuesday Blitz"]
[Site "Chess.com"]
[Date "2021.04.06"]
[Round "1"]
[White "Trickster_Pony"]
[Black "Rakesh"]
[Result "0-1"]
[WhiteElo "1528"]
[BlackElo "2478"]
[TimeControl "180+1"]
[EndTime "10:06:41 PDT"]
[Termination "Rakesh won by resignation"]

1. e4 d5 2. exd5 c6 3. dxc6 Nxc6 4. Nc3 e5 5. Nf3 Nf6 6. d3 Bc5 7. Bg5 Qb6 8. Qd2 O-O 9. Na4 Qb4 10. Nxc5 Qxc5 11. Bxf6 gxf6 12. Be2 Be6 13. O-O Rad8 14. Qc3 Qxc3 15. bxc3 Rc8 16. c4 b6 17. Nd2 Rfd8 18. Bf3 Nd4 19. Rac1 f5 20. Rfd1 f6 21. c3 Nxf3+ 22.
Nxf3 Rd7 23. d4 e4 24. d5 Bf7 25. Nd2 b5 26. cxb5 Rxd5 27. a4 Rdc5 28. Nb1 Ba2 29. Rc2 Bb3 30. Rcd2 Bxd1 31. Rxd1 Rc4 32. Rd6 Kf7 33. Ra6 Rd8 34. Rxa7+ Kg6 35. h4 Rd1+ 36. Kh2 Rxb1 37. a5 Rxb5 38. a6 Rxc3 39. Rb7 Rxb7 40.
axb7 Rb3 0-1

[Event "*** Titled Tuesday Blitz"]
[Site "Chess.com"]
[Date "2021.04.06"]
[Round "1"]
[White "731291"]
[Black "sbouchet"]
[Result "1-0"]
[WhiteElo "2652"]
[BlackElo "2345"]
[TimeControl "180+1"]
[EndTime "10:06:42 PDT"]
[Termination "731291 won by resignation"]

1. e4 c5 2. Nc3 g6 3. Nf3 Bg7 4. h4 h5 5. Bc4 Nc6 6. d3 Na5 7. Bg5 Nxc4 8. dxc4 d6 9. e5 dxe5 10.
Qxd8+ Kxd8 11. O-O-O+ Kc7 12. Nd5+ Kc6 13. Nxe7+ Nxe7 14. Bxe7 Bg4 15. Rd6+ Kc7 16. Rd5 Bxf3 17. gxf3 Rhe8 18.
Bxc5 b6 19. Bd6+ Kc6 20. Rhd1 Re6 21. b4 Rae8 22. b5+ Kb7 23. Bb4 e4 24. Rd7+ Kb8 25. Rxf7 Bh6+ 26. f4 1-0

[Event "*** Titled Tuesday Blitz"]
[Site "Chess.com"]
[Date "2021.04.06"]
[Round "1"]
[White "queen_iryna"]
[Black "YoreDea"]
[Result "0-1"]
[WhiteElo "2327"]
[BlackElo "2619"]
[TimeControl "180+1"]
[EndTime "10:06:43 PDT"]
[Termination "YoreDea won by resignation"]

1. e4 c6 2. d4 g6 3. Nc3 d5 4. e5 h5 5. f4 Nh6 6. h3 h4 7.
Be3 Nf5 8. Bf2 e6 9. Nf3 Be7 10. Bd3 b6 11. O-O Ba6 12. Ne2 Bxd3 13. Qxd3 Qc8 14.
b3 Qa6 15. c4 Nd7 16. Rfd1 Rc8 17. a4 Kf8 18. a5 b5 19. Rdc1 Kg7 20. Nd2 bxc4 21.
bxc4 Rhd8 22. Nc3 c5 23. Nb5 cxd4 24. Nxd4 dxc4 25. Nxc4 Nxd4 26. Bxd4 Nc5 27. Qe3 Rxd4 28. Qxd4 Nb3 29. Qd7 Bc5+ 30. Kh1 Nxc1 31. Rxc1 Be3 32. Rc3 Rxc4 33. Rxe3 Rc1+ 34. Kh2 Qf1 0-1

[Event "*** Titled Tuesday Blitz"]
[Site "Chess.com"]
[Date "2021.04.06"]
[Round "1"]
[White "BogdanDeac"]
[Black "Majesth"]
[Result "1-0"]
[WhiteElo "3052"]
[BlackElo "2475"]
[TimeControl "180+1"]
[EndTime "10:06:44 PDT"]
[Termination "BogdanDeac won on time"]

1. d4 e6 2. Nf3 Nf6 3. c4 Bb4+ 4. Nc3 c5 5. e3 O-O 6. Bd2 cxd4 7. exd4 d5 8. c5 Nc6 9. a3 Bxc3 10. Bxc3 Ne4 11.
Qc2 f5 12. b4 a6 13. Be2 Bd7 14. O-O Be8 15. a4 Bh5 16. b5 axb5 17. axb5 Ne7 18. Bb4 Qc7 19. Ne5 Bxe2 20. Qxe2 Ng6 21. Nxg6 hxg6 22. f3 Nf6 23. Qxe6+ Kh7 24. Qd6 Qf7 25.
c6 bxc6 26. bxc6 Rac8 27. Rfe1 Rfe8 28. Bc5 Rcd8 29. Qf4 Rc8 30. Qd6 Rcd8 31. Re7 1-0

[Event "*** Titled Tuesday Blitz"]
[Site "Chess.com"]
[Date "2021.04.06"]
[Round "1"]
[White "vugarrasulov"]
[Black "Vamostodorecto"]
[Result "1-0"]
[WhiteElo "2873"]
[BlackElo "2449"]
[TimeControl "180+1"]
[EndTime "10:06:44 PDT"]
[Termination "vugarrasulov won by resignation"]

1. e4 e5 2. Nf3 d5 3. Nxe5 Bd6 4. d4 dxe4 5. Nc4 Nf6 6. Nc3 O-O 7. Be2 Nc6 8. Bg5 Re8 9. Qd2 h6 10. Bh4 Bf5 11. O-O-O a6 12. Kb1 b5 13. Nxd6 Qxd6 14.
Bg3 Qd7 15. d5 Ne5 16. Qd4 Ng6 17. Rhe1 Rac8 18. Qc5 c6 19. dxc6 Qxc6 20. Qxc6 Rxc6 21. Nd5 Nxd5 22. Rxd5 Be6 23. Rd6 Rxd6 24. Bxd6 Rd8 25. Bg3 f5 26. Bh5 Bf7 27. Kc1 Rc8 28. a3 Rf8 29.
Bd6 Rd8 30. Rd1 Rd7 31. b3 Nh8 32. Be2 Be6 33. a4 Nf7 34. axb5 Rxd6 35. Rxd6 Nxd6 36. bxa6 Bd5 37. c4 Bc6 38. b4 Kf7 39. b5 Ba8 40. c5 Nxb5 41. Bxb5 Ke6 42. c6 Kd6 43. Kd2 Bxc6 44.
Bxc6 Kxc6 45. Ke3 g5 46. Kd4 Kb6 47. Ke5 Kxa6 48. Kxf5 Kb5 49. Kxe4 Kc5 50. Kf5 Kd6 51. Kg6 1-0

[Event "*** Titled Tuesday Blitz"]
[Site "Chess.com"]
[Date "2021.04.06"]
[Round "1"]
[White "Carolina-moon"]
[Black "Natalya_Buksa"]
[Result "0-1"]
[WhiteElo "2113"]
[BlackElo "2507"]
[TimeControl "180+1"]
[EndTime "10:06:45 PDT"]
[Termination "Natalya_Buksa won on time"]

1. e4 c5 2. Nc3 Nc6 3. Bb5 Nd4 4.
Nf3 Nxb5 5. Nxb5 a6 6. Nc3 d6 7. d4 cxd4 8. Qxd4 Nf6 9. e5 dxe5 10. Qxd8+ Kxd8 11. Nxe5 Ke8 12. Be3 Nd7 13. Nxd7 Bxd7 14. O-O-O e6 15. Ne4 Bc6 16. Nd6+ Bxd6 17. Rxd6 Bxg2 18.
Rg1 Bd5 19. Rxg7 Ke7 20. Rb6 Rac8 21. Bg5+ Ke8 22. Bf6 h5 23. f4 Be4 24. c3 Rh6 25. Be5 Rg6 26. Rxg6 fxg6 27. Bf6 Kd7 28. Kd2 Rf8 29.
Bg5 Bc6 30. Ke3 e5 31. fxe5 Ke6 32. Bf6 g5 33. Rb4 g4 34. Rd4 Kf5 35. c4 Rg8 36.
Rf4+ Ke6 37. Rd4 Rg6 38. Kf4 g3 39. hxg3 Rg4+ 40. Ke3 Rxg3+ 41. Kd2 Rg2+ 42. Kc3 Rg4 43. Rxg4 hxg4 44. Kd4 g3 45. Bh4 g2 46. Bf2 Kf5 47. b4 b5 48. cxb5 Bxb5 49. Kc5 Kxe5 50. Kb6 Kd5 51.
a4 Bd3 0-1

[Event "*** Titled Tuesday Blitz"]
[Site "Chess.com"]
[Date "2021.04.06"]
[Round "1"]
[White "mishanick"]
[Black "grunbergmihai"]
[Result "1-0"]
[WhiteElo "2942"]
[BlackElo "2469"]
[TimeControl "180+1"]
[EndTime "10:06:46 PDT"]
[Termination "mishanick won by resignation"]

1. e4 Nf6 2. e5 Nd5 3. Nf3 d6 4. d4 dxe5 5. Nxe5 c6 6. Bd3 Nd7 7.
Nf3 g6 8. O-O Bg7 9. Re1 O-O 10.
c3 Re8 11. Bg5 Qc7 12. Nbd2 e5 13. Nc4 b5 14. Ncxe5 Nxe5 15. dxe5 Bxe5 16. Qd2 Bg4 17. Nxe5 Rxe5 18. h3 Be6 19. c4 bxc4 20. Bxc4 Re8 21. Rxe5 Qxe5 22. Re1 Qc7 23. b3 Qd7 24. Qd4 Nc7 25.
Qxa7 Bxc4 26. Rxe8+ Qxe8 27. bxc4 Ne6 28. Bf6 h6 29. a4 g5 30. a5 Nf4 31. Qe3 Qa8 32. a6 Kh7 33. a7 Kg6 34. Be5 Ne6 35.
Qd3+ f5 36. Qd7 1-0

[Event "*** Titled Tuesday Blitz"]
[Site "Chess.com"]
[Date "2021.04.06"]
[Round "1"]
[White "RamyresCoelho"]
[Black "Dare-Dare"]
[Result "1-0"]
[WhiteElo "2175"]
[BlackElo "2506"]
[TimeControl "180+1"]
[EndTime "10:06:47 PDT"]
[Termination "RamyresCoelho won on time"]

1. e4 e6 2. d4 d5 3. Nc3 Bb4 4. e5 c5 5. a3 Bxc3+ 6. bxc3 Qa5 7. Bd2 Ne7 8. Qg4 O-O 9. Bd3 Nbc6 10. Nf3 f5 11.
exf6 Rxf6 12. Qh5 Nf5 13. Ng5 h6 14. g4 Nd6 15. O-O Bd7 16. Nh7 Rf7 17. Bg6 Re7 18.
Bxh6 Qxc3 19. Bg5 Qxd4 20. Nf8 Nf7 21. Bxf7+ Kxf8 22. Bg6 1-0

[Event "*** Titled Tuesday Blitz"]
[Site "Chess.com"]
[Date "2021.04.06"]
[Round "1"]
[White "I_Enchev"]
[Black "mamonika"]
[Result "1-0"]
[WhiteElo "2492"]
[BlackElo "2043"]
[TimeControl "180+1"]
[EndTime "10:06:47 PDT"]
[Termination "I_Enchev won by checkmate"]

1. d4 d5 2. c4 e6 3. Nc3 Nf6 4. cxd5 exd5 5. Bg5 c6 6. e3 Be7 7. Bd3 Nbd7 8. Nf3 O-O 9. Qc2 Re8 10. O-O Nf8 11.
Rab1 Ng6 12. b4 Bd6 13. b5 h6 14. Bxf6 Qxf6 15. bxc6 bxc6 16. Qa4 Bg4 17. Be2 Bxf3 18.
Bxf3 Nh4 19. Be2 Qg5 20. g3 Nf5 21. Kh1 Rxe3 22. fxe3 Nxg3+ 23. hxg3 Qxg3 24. Rf4 Qh3+ 25. Kg1 Bxf4 26. exf4 Qe3+ 27. Kf1 Qxc3 28. Rd1 Re8 29. Qb3 Qa5 30. Bf3 Qc7 31. Re1 Rb8 32. Qe3 Rb2 33.
Re2 Rb1+ 34. Kg2 Qb7 35. Bg4 g6 36. f5 g5 37. Qe8+ Kg7 38. f6+ Kh7 39. Bf5# 1-0